 Dungeon Crawl Stone Soup version 0.23-a0-61-g4bf3f6c (webtiles) character file.

133 Mgcat the Conjurer (level 4, -4/33 HPs)
             Began as a Draconian Wizard on Aug 9, 2018.
             Killed by divine providence
             ... invoked by an orc priest
              (13 damage)
             ... on level 4 of the Dungeon.
             The game lasted 00:05:52 (2048 turns).

Mgcat the Conjurer (Draconian Wizard)               Turns: 2048, Time: 00:05:52

Health: -4/33      AC:  6    Str:  9    XL:     4   Next: 93%
Magic:  3/8        EV: 12    Int: 19    God:
Gold:   108        SH:  0    Dex: 10    Spells: 2/9 levels left

rFire    . . .     SeeInvis .   g - +0 dagger
rCold    . . .     Gourm    .   (no shield)
rNeg     . . .     Faith    .   (armour unavailable)
rPois    .         Spirit   .   a - +0 hat
rElec    .         Reflect  .   (no cloak)
rCorr    .         Harm     .   b - +0 pair of gloves
MR       .....                  (no boots)
Stlth    ++........             (no amulet)
HPRegen  0.11/turn              (no ring)
MPRegen  0.11/turn              (no ring)

@: no status effects
A: unfitting armour, cold-blooded, AC +5
a: no special abilities


You were on level 4 of the Dungeon.
You were hungry.

You visited 1 branch of the dungeon, and saw 4 of its levels.

You collected 108 gold pieces.

Inventory:

Hand Weapons
 f - a +0 club
   (You took it off a kobold on level 1 of the Dungeon)
 g - a +0 dagger (weapon)
   (You took it off a goblin on level 1 of the Dungeon)
Armour
 a - a +0 hat (worn)
 b - a +0 pair of gloves (worn)
   (You found it on level 1 of the Dungeon)
 l - a +0 pair of gloves
   (You found it on level 2 of the Dungeon)
Jewellery
 r - an uncursed amulet of the gourmand {unknown}
   (You found it on level 4 of the Dungeon)
Scrolls
 d - a scroll of random uselessness {unknown}
 e - a scroll of magic mapping {unknown}
 h - 2 scrolls of remove curse {unknown}
 j - a scroll of teleportation {unknown}
 k - a scroll of amnesia {unknown}
 m - 2 scrolls of identify {unknown}
Potions
 i - a potion of might {unknown}
 n - a potion of heal wounds {unknown}
 o - a potion of lignification {unknown}
 q - a potion of agility {unknown}
Comestibles
 c - 5 rations
 p - a chunk of flesh {@w0}


   Skills:
 - Level 1.7 Dodging
 - Level 1.7 Stealth
 - Level 3.2 Spellcasting
 + Level 4.6 Conjurations
   Level 1.0 Summonings
   Level 1.0 Translocations


You had 2 spell levels left.
You knew the following spells:

 Your Spells              Type           Power        Failure   Level  Hunger
a - Magic Dart            Conj           ###.         2%          1    None
b - Conjure Flame         Conj/Fire      ##......     17%         3    ###....
c - Mephitic Cloud        Conj/Pois/Air  #.......     24%         3    ###....

Your spell library contained the following spells:

 Spells                   Type           Power        Failure   Level  Hunger
 Slow                     Hex            #.......     22%         2    ##.....
 Blink                    Tloc           N/A          16%         2    ##.....
 Call Imp                 Summ           #.......     16%         2    ##.....


Dungeon Overview and Level Annotations

Branches:
Dungeon (5/15)
 Temple: D:4-7

Altars:
Dithmenos


Innate Abilities, Weirdness & Mutations

Your plain brown scales are hard. (AC +5)
You cannot fit into any form of body armour.
You are cold-blooded and may be slowed by cold attacks.


Message History

Press: ? - help, Shift-Dir - straight line, f - orc wizard
Aim: an orc wizard, wielding a dagger and wearing a robe (hasn't noticed you)
The ball explodes into a vile cloud!
The stinking cloud engulfs the orc wizard.
The orc wizard shouts!
You are feeling hungry.
You hear a shout! x2
The orc wizard is engulfed in noxious fumes.
The orc wizard appears confused.
You hear a shout!
Casting: Mephitic Cloud (safe; 24% risk of failure)
Confirm with . or Enter, or press ? or * to list all spells.
Aiming: Magic Dart (safe; 2% risk of failure)
Press: ? - help, Shift-Dir - straight line, f/p - orc wizard
Aim: an orc wizard, wielding a dagger and wearing a robe (noxious fumes, lightly wounded, confused)
The magic dart hits the orc wizard.
The orc wizard is lightly wounded.
You hear a shout!
The orc wizard is engulfed in noxious fumes.
The orc wizard appears confused.
The orc wizard is engulfed in noxious fumes.
The orc wizard appears confused.
You barely miss the orc wizard.
The orc wizard is moderately wounded.
The orc wizard is engulfed in noxious fumes.
The orc wizard appears confused.
Casting: Magic Dart (safe; 2% risk of failure)
Confirm with . or Enter, or press ? or * to list all spells.
Aiming: Magic Dart (safe; 2% risk of failure)
Press: ? - help, Shift-Dir - straight line, f/p - orc wizard
Aim: an orc wizard, wielding a dagger and wearing a robe (noxious fumes, moderately wounded, confused)
The magic dart hits the orc wizard.
The orc wizard is heavily wounded.
An orc priest comes into view. It is wielding a flail.
The orc wizard is engulfed in noxious fumes.
The orc wizard appears confused.
You hit the orc wizard but do no damage.
The orc wizard is heavily wounded.
The orc priest looks satisfied for a moment.
An orc comes into view.
The orc wizard hits the orc priest with a dagger.
You hit the orc wizard.
The orc wizard is severely wounded.
The orc hits you but does no damage.
The orc wizard hits the orc with a dagger.
You hit the orc wizard.
You tail-slap the orc wizard, but do no damage.
The orc wizard is severely wounded.
The orc misses you. The orc priest misses you.
An orc comes into view. It is wielding a hand axe.
You hit the orc priest but do no damage.
The orc priest is lightly wounded.
The orc priest hits you with a flail! The orc misses you.
You closely miss the orc.
The orc is heavily wounded.
The orc wizard barely misses you. The orc priest barely misses you.
The orc misses you.
Casting: Magic Dart (safe; 2% risk of failure)
Confirm with . or Enter, or press ? or * to list all spells.
Aiming: Magic Dart (safe; 2% risk of failure)
Press: ? - help, Shift-Dir - straight line, f/p - orc wizard
Aim: an orc wizard, wielding a dagger and wearing a robe (severely wounded, confused)
The magic dart hits the orc wizard.
The orc wizard is almost dead.
The orc hits you but does no damage.
You hit the orc. You tail-slap the orc.
The orc is severely wounded.
The orc priest hits you with a flail. The orc misses you.
The orc barely misses you.
You closely miss the orc.
The orc is severely wounded.
The orc priest calls upon Beogh to heal the orc.
The orc's wounds heal themselves!
The orc barely misses you.
You hit the orc.
The orc is moderately wounded.
The orc barely misses you.
The orc priest calls upon Beogh to heal the orc.
The orc's wounds heal themselves!
The orc misses you.
You hit the orc.
The orc is heavily wounded.
The orc hits you with a hand axe. The orc priest barely misses you.
The orc misses you.
You hit the orc.
The orc is almost dead.
The orc hits you but does no damage.
The orc priest calls down the wrath of Beogh upon you.
Pain shoots through your body! The orc misses you.
You hit the orc.
You kill the orc!
The orc closely misses you. The orc priest hits you with a flail!
* * * LOW HITPOINT WARNING * * *
The orc priest looks encouraged for a moment.
The orc priest invokes the aid of Beogh against you.
You barely resist.
Found a shadowy altar of Dithmenos.
The orc priest looks satisfied for a moment.
The leopard gecko skeleton closely misses you.
The orc priest invokes the aid of Beogh against you.
Beogh smites you!
You die...

##>........# ####.#
...........# #.#
...........# ##.#
.......(...#### #.o#
.......†...##..##..#
..#.....#####...#..#
................#o.#
..#.#####)..#.#.#.#####.
..#. #..#.....@Z.......
. .. ...####............
.## #.## #........#.#.#
.# ... #.#.......... .
#.. #. ....#..#.... ...
#. .##..#....... ..# .
#. ...#..#... #
...#.....


You could see an orc priest, an orc and a leopard gecko skeleton.

Vanquished Creatures
  An orc wizard (D:4)
  Jessica (D:2)
  3 adders
  A worm (D:2)
  A dart slug (D:1)
  2 leopard geckos
  An orc (D:4)
  4 bats
  A giant cockroach (D:1)
  4 goblins
  6 hobgoblins
  6 kobolds
  A quokka (D:2)
  10 frilled lizards
  3 rats
45 creatures vanquished.

Vanquished Creatures (others)
  A gnoll (D:1)
  A bat (D:1)
2 creatures vanquished.

Grand Total: 47 creatures vanquished

Notes
Turn   | Place    | Note
-------+----------+-------------------------------------------
     0 | D:1      | Mgcat the Draconian Wizard began the quest for the Orb.
     0 | D:1      | Reached XP level 1. HP: 14/14 MP: 4/4
   155 | D:1      | Reached XP level 2. HP: 18/20 MP: 0/6
   289 | D:1      | Reached skill level 2 in Conjurations
   794 | D:1      | Reached XP level 3. HP: 26/26 MP: 5/7
  1417 | D:2      | Reached skill level 3 in Conjurations
  1565 | D:2      | Noticed Jessica
  1573 | D:2      | Learned a level 3 spell: Conjure Flame
  1578 | D:2      | Learned a level 3 spell: Mephitic Cloud
  1583 | D:2      | Killed Jessica
  1583 | D:2      | Reached XP level 4. HP: 33/33 MP: 0/8
  1661 | D:2      | Reached skill level 4 in Conjurations
  1830 | D:2      | You fall through a shaft for 2 floors!
  1852 | D:5      | Entered Level 5 of the Dungeon
  2025 | D:4      | HP: 7/33 [orc priest/flail (11)]
  2038 | D:4      | Found a shadowy altar of Dithmenos.
  2048 | D:4      | Killed from afar by an orc priest

Vault maps used:
D:1:      tarquinn_simple_flora_water_e, lemuel_flame_loot_1
D:2:      amethyst_overflow_temple_binary, uniq_jessica
D:4:      minmay_temple_entry_glass, nicolae_dithmenos_the_darkroom
D:5:      regret_index_temple_of_mockery, makhleb_grotto_becter,
          lemuel_crystal_altar, first_ration, enter_ossuary_4, uniq_pikel

Skill      XL: |  1  2  3  4 |
---------------+-------------+-----
Conjurations   | 2 3 4 |  4.6
Dodging        | |  1.7
Stealth        | |  1.7
Spellcasting   | |  3.2
Summonings     | |  1.0
Translocations | |  1.0

Action                   |  1- 3 |  4- 6 || total
-------------------------+-------+-------++-------
Melee: Unarmed           |     9 |       ||     9
       Tailslap          |     4 |     2 ||     6
       Dagger            |    27 |    14 ||    41
 Cast: Magic Dart        |    96 |    36 ||   132
       Conjure Flame     |       |     1 ||     1
       Mephitic Cloud    |       |     1 ||     1
  Eat: Chunk             |     2 |     1 ||     3
Armor: Skin              |    22 |     6 ||    28
Dodge: Dodged            |    38 |    23 ||    61

Table legend:
 A = Non-vault XP
 B = Vault XP
 C = Vault XP percentage of total XP
 D = Non-vault monster count
 E = Vault monster count
 F = Vault count percentage of total count
 G = Total turns spent on level
                 A         B        C        D         E       F
            +---------+---------+-------+---------+---------+-------
      Total |     153 |      37 |  19.5 |      44 |       1 |   2.2
            +---------+---------+-------+---------+---------+-------
        D:1 |      41 |       0 |   0.0 |      23 |       0 |   0.0
        D:2 |      56 |      37 |  39.8 |      18 |       1 |   5.3
        D:4 |      56 |       0 |   0.0 |       3 |       0 |   0.0
            +---------+---------+-------+---------+---------+-------

Vault maps used:
D:1:      tarquinn_simple_flora_water_e, lemuel_flame_loot_1
D:2:      amethyst_overflow_temple_binary, uniq_jessica
D:4:      minmay_temple_entry_glass, nicolae_dithmenos_the_darkroom
D:5:      regret_index_temple_of_mockery, makhleb_grotto_becter,
          lemuel_crystal_altar, first_ration, enter_ossuary_4, uniq_pikel

Table legend:
 A = Turns spent in this place as a percentage of turns spent in the entire game.
 B = Non-inter-level travel turns spent in this place as a percentage of non-inter-level travel turns spent in the entire game.
 C = Inter-level travel turns spent in this place as a percentage of turns spent in this place.
 D = Turns resting spent in this place as a percentage of non-inter-level travel turns spent in this place.
 E = Turns spent auto-exploring this place as a percentage of non-inter-level travel turns spent in this place.
 F = Non-inter-level travel turns spent in this place divided by the number of levels of this place that you've seen.
                   A       B       C       D       E      F
               +-------+-------+-------+-------+-------+----------------------
         Total | 100.0 | 100.0 |   1.9 |   7.9 |  71.3 | 502.2
       Dungeon | 100.0 | 100.0 |   1.9 |   7.9 |  71.3 | 502.2
               +-------+-------+-------+-------+-------+----------------------

Table legend:
 A = Kills in this place as a percentage of kills in entire the game.
 B = Kills by you in this place as a percentage of kills by you in the entire game.
 C = Kills by friends in this place as a percentage of kills by friends in the entire game.
 D = Other kills in this place as a percentage of other kills in the entire game.
 E = Experience gained in this place as a percentage of experience gained in the entire game.
 F = Experience gained in this place divided by the number of levels of this place that you have seen.
                   A       B       C       D       E      F
               +-------+-------+-------+-------+-------+----------------------
         Total | 100.0 | 100.0 |   N/A |   N/A | 100.0 |  47.5
       Dungeon | 100.0 | 100.0 |   N/A |   N/A | 100.0 |  47.5
               +-------+-------+-------+-------+-------+----------------------
